 Dungeon Sprint DCSS version 0.18.1-50-g88ac8fd (webtiles) character file.

5000000 Korbac the Conqueror (level 27, -104/249 HPs)
             Began as a Human Berserker on Oct 17, 2016.
             Was the Champion of Makhleb.
             Annihilated by a destroyer
             ... wielding a +9 great sword of slicing
              (208 damage)
             ... in the Dungeon (Sprint VIII: "Arena of Blood").
             The game lasted 00:05:25 (50 turns).

Korbac the Conqueror (Human Berserker)                Turns: 50, Time: 00:05:25

Health: -104/249   AC:  4    Str: 25    XL:     27
Magic:  26/54      EV: 32    Int: 10    God:    Makhleb [******]
Gold:   0          SH:  0    Dex: 16    Spells: 0 memorised, 80 levels left

rFire  . . .     SeeInvis .     j - +∞ Axe of Woe
rCold  . . .     Gourm    .     b - +0 animal skin
rNeg   . . .     Faith    .     (shield currently unavailable)
rPois  .         Spirit   .     (no helmet)
rElec  .         Dismiss  .     (no cloak)
rCorr  .         Reflect  .     (no gloves)
SustAt .         Harm     .     (no boots)
MR     ++...     NoTele   +     (no amulet)
Stlth  +++++++++.               (no ring)
                                (no ring)

@: very resistant to hostile enchantments, incredibly stealthy
A: no striking features
a: Minor Destruction, Lesser Servant of Makhleb, Major Destruction, Greater
Servant of Makhleb, Renounce Religion


You were in the Dungeon.
You worshipped Makhleb.
Makhleb was exalted by your worship.
You were not hungry.

You visited 1 branch

Inventory:

Hand Weapons
 a - a +0 spear
 j - the +∞ Axe of Woe (weapon)
   (You found it in the Dungeon)
Armour
 b - a +0 animal skin (worn)
Jewellery
 k - a +200 ring of slaying
Scrolls
 i - a scroll of blinking
Potions
 d - a potion of curing
 e - a potion of heal wounds
 f - a potion of haste
 g - 2 potions of magic
 h - a potion of berserk rage
Comestibles
 c - a bread ration


   Skills:
 O Level 27 Fighting
 O Level 27 Axes
 O Level 27 Polearms
 O Level 27 Throwing
 O Level 27 Armour
 O Level 27 Dodging
 O Level 27 Stealth
 O Level 27 Unarmed Combat
 O Level 27 Spellcasting
 O Level 27 Invocations


You had 80 spell levels left.
You didn't know any spells.

Dungeon Overview and Level Annotations

Branches:
Dungeon (1/1)

Altars:
Makhleb


Message History

An orc and 2 ogres come into view.
Things that are here:
a +9 great sword of slicing; a +200 ring of slaying
k - a +200 ring of slaying You hear a shout!
The meat berserker rages.
The meat berserker completely misses you.
The accursed gestures at you while chanting.
Something smites you! The small abomination misses you.
You hear a shout! x4
The destroyer blinks!
The meat berserker hits you with a +9 battleaxe!!!
The destroyer shouts! x3
The bag of meat moves out of view.
You hear a shout! x2
The destroyer blinks! x2
You hear a shout! x2
The destroyer hits you with a +9 great sword of slicing!!!!!
Ouch! That really hurt!
You die...

............
...........
......§.§..
......O.L.
#.......# ..
#..o.§V.# ..
...###.....V.###...
......)o###V.......
#.....§Xzox@V......
......#.)xOO#.....C
......#_)<)_# .....
..... #.z)..# .§O.
#.o......_..M...o.V
........###.......o
...###... ...###. o
. #... ...# #...
..#


You could see an accursed, a tyrant (wandering), 5 destroyers, 2 sculptors of
flesh, a large bag of meat (inner flame), a large abomination, 4 meat
berserkers, a small abomination, 5 bags of meat and a crawling corpse.

Vanquished Creatures
  5 vampire knights (D)
  12 ogres (D)
  27 orcs (D)
  A hill giant (D)
  A large abomination (D)
  5 small abominations (D)
  2 crawling corpses (D)
53 creatures vanquished.

Notes
Turn   | Place    | Note
--------------------------------------------------------------
     0 | D        | Korbac the Human Berserker began the quest for the Orb.
     0 | D        | Reached XP level 1. HP: 18/18 MP: 1/1
     4 | D        | Noticed a bag of meat
     4 | D        | Noticed a bag of meat
     5 | D        | Noticed a bag of meat
     7 | D        | Fell from the grace of Trog
     7 | D        | Became a worshipper of Makhleb the Destroyer
     8 | D        | Noticed a bag of meat
     9 | D        | Noticed a bag of meat
     9 | D        | Noticed a bag of meat
    10 | D        | Noticed a bag of meat
    10 | D        | Noticed a meat berserker
    10 | D        | Killed a bag of meat
    10 | D        | Reached XP level 2. HP: 52/52 MP: 2/2
    10 | D        | Reached XP level 3. HP: 59/59 MP: 3/3
    10 | D        | Reached XP level 4. HP: 66/66 MP: 4/4
    10 | D        | Reached XP level 5. HP: 73/73 MP: 5/5
    10 | D        | Reached XP level 6. HP: 80/80 MP: 6/6
    10 | D        | Reached XP level 7. HP: 87/87 MP: 7/7
    10 | D        | Reached XP level 8. HP: 94/94 MP: 8/8
    10 | D        | Reached XP level 9. HP: 101/101 MP: 9/9
    10 | D        | Reached XP level 10. HP: 108/108 MP: 10/10
    10 | D        | Reached XP level 11. HP: 115/115 MP: 11/11
    10 | D        | Reached XP level 12. HP: 122/122 MP: 12/12
    11 | D        | Noticed a meat berserker
    11 | D        | Killed a bag of meat
    11 | D        | Reached * piety under Makhleb
    11 | D        | Reached skill level 15 in Axes
    11 | D        | Reached XP level 13. HP: 124/135 MP: 13/13
    12 | D        | Noticed a meat berserker
    12 | D        | Killed a bag of meat
    12 | D        | Reached skill level 10 in Armour
    12 | D        | Reached XP level 14. HP: 148/148 MP: 14/14
    13 | D        | Noticed a bag of meat
    13 | D        | Noticed a meat berserker
    13 | D        | Killed a meat berserker
    13 | D        | Reached ** piety under Makhleb
    13 | D        | Reached skill level 27 in Fighting
    13 | D        | Reached XP level 15. HP: 159/159 MP: 15/15
    13 | D        | Killed a meat berserker
    13 | D        | Reached skill level 15 in Armour
    13 | D        | Reached XP level 16. HP: 167/167 MP: 16/16
    14 | D        | Killed a meat berserker
    14 | D        | Reached *** piety under Makhleb
    14 | D        | Reached XP level 17. HP: 174/174 MP: 17/17
    15 | D        | Killed a meat berserker
    15 | D        | Reached XP level 18. HP: 182/182 MP: 18/18
    15 | D        | Reached skill level 27 in Axes
    15 | D        | Reached skill level 27 in Dodging
    15 | D        | Reached **** piety under Makhleb
    16 | D        | Noticed a meat berserker
    18 | D        | Reached skill level 27 in Armour
    18 | D        | Reached XP level 19. HP: 189/189 MP: 19/19
    19 | D        | Noticed a meat berserker
    19 | D        | Killed a meat berserker
    19 | D        | Reached ***** piety under Makhleb
    19 | D        | Reached XP level 20. HP: 197/197 MP: 19/36
    20 | D        | Noticed a meat berserker
    22 | D        | Reached skill level 27 in Invocations
    23 | D        | Reached skill level 10 in Spellcasting
    25 | D        | Noticed a large bag of meat
    25 | D        | Killed a large bag of meat
    26 | D        | Noticed a destroyer
    27 | D        | Noticed a destroyer
    27 | D        | Reached skill level 15 in Spellcasting
    27 | D        | Reached ****** piety under Makhleb
    27 | D        | Reached XP level 21. HP: 204/204 MP: 20/42
    30 | D        | Noticed a meat berserker
    30 | D        | Noticed a meat berserker
    30 | D        | Noticed a meat berserker
    30 | D        | Killed a meat berserker
    30 | D        | Reached XP level 22. HP: 212/212 MP: 21/49
    31 | D        | Noticed a meat berserker
    31 | D        | Reached skill level 27 in Unarmed Combat
    31 | D        | Killed a meat berserker
    31 | D        | Reached skill level 27 in Spellcasting
    31 | D        | Killed a destroyer
    31 | D        | Reached XP level 23. HP: 219/219 MP: 21/54
    32 | D        | Reached skill level 27 in Stealth
    32 | D        | Reached XP level 24. HP: 227/227 MP: 21/54
    32 | D        | Reached skill level 27 in Throwing
    33 | D        | Noticed a destroyer
    34 | D        | Noticed a destroyer
    34 | D        | Killed a destroyer
    34 | D        | Reached skill level 27 in Polearms
    34 | D        | Reached XP level 25. HP: 194/234 MP: 22/54
    36 | D        | Killed a destroyer
    36 | D        | Reached XP level 26. HP: 242/242 MP: 22/54
    38 | D        | Noticed a destroyer
    38 | D        | Killed a destroyer
    39 | D        | Reached XP level 27. HP: 249/249 MP: 23/54
    45 | D        | Killed a destroyer
    47 | D        | Noticed a destroyer
    47 | D        | Noticed a destroyer
    47 | D        | Noticed an accursed
    49 | D        | Noticed a destroyer
    49 | D        | Noticed a destroyer
    49 | D        | Noticed a destroyer
    49 | D        | Noticed a destroyer
    50 | D        | Annihilated by a destroyer

Skill      XL: |  1  2  3  4  5  6  7  8  9 10 11 12 13 14 15 16 17 18 19 20 21 22 23 24 |
---------------+-------------------------------------------------------------------------+-----
Fighting       | 20 23 25 27 | 27.0
Axes           | 13 15 16 19 22 24 26 27 | 27.0
Armour         | 8 9 10 13 15 17 19 27 | 27.0
Dodging        | 11 13 14 17 21 23 25 27 | 27.0
Invocations    | 24 27 | 27.0
Unarmed Combat | 19 25 27 | 27.0
Spellcasting   | 17 23 27 | 27.0
Throwing       | 20 26 27 | 27.0
Stealth        | 21 27 | 27.0
Polearms       | 27 | 27.0

Action                   |  1- 3 |  4- 6 |  7- 9 | 10-12 | 13-15 | 16-18 | 19-21 | 22-24 | 25-27 || total
-------------------------+-------+-------+-------+-------+-------+-------+-------+-------+-------++-------
Melee: Executioner's axe |     1 |       |       |     1 |     2 |     4 |     7 |     3 |    14 ||    32
Invok: Greater Servant o |       |       |       |       |       |       |     2 |       |       ||     2
Dodge: Dodged            |       |       |       |       |     2 |       |       |     1 |     2 ||     5
